 Dungeon Crawl Stone Soup version 0.29.1-2-gbd0b4ee654 (webtiles) character file.

Game seed: 4754781771311102450

673 croobank the Conjurer (level 7, -1/54 HPs)
             Began as a Demonspawn Conjurer on Nov 2, 2022.
             Was an Initiate of Gozag.
             Killed from afar by an acid dragon (28 damage)
             ... with a splash of acid
             ... on level 5 of the Dungeon.
             The game lasted 00:20:06 (6869 turns).

croobank the Conjurer (Demonspawn Conjurer)         Turns: 6869, Time: 00:20:07

Health: -1/54      AC:  7    Str:  8    XL:     7   Next: 33%
Magic:  11/12      EV: 10    Int: 21    God:    Gozag
Gold:   254        SH:  0    Dex: 13    Spells: 7/13 levels left

rFire   . . .      SeeInvis .   j - +0 mace
rCold   . . .      Faith    .   (no shield)
rNeg    . . .      Spirit   .   g - +2 ring mail {Will+}
rPois   .          Reflect  .   (no helmet)
rElec   .          Harm     .   (no cloak)
rCorr   .          Rampage  .   (no gloves)
Will    ++...                   (no boots)
Stlth   +++.......              (no amulet)
HPRegen 0.18/turn               q - ring of flight
MPRegen 0.13/turn               s - ring of willpower

@: flying
A: thin skeletal structure 1, powered by death 2
a: Renounce Religion, Potion Petition, Call Merchant, Bribe Branch


You were on level 5 of the Dungeon.
You worshipped Gozag.
Gozag was aware of your devotion.
You visited 2 branches of the dungeon, and saw 6 of its levels.

You collected 432 gold pieces.
You spent 143 gold pieces at shops.
You paid 35 gold pieces to Gozag.

Inventory:

Hand Weapons
 j - a +0 mace (weapon)
 k - a +0 war axe
Missiles
 n - 3 boomerangs
Armour
 a - a +0 robe
 g - a +2 ring mail of willpower (worn)
Jewellery
 q - a ring of flight (left hand)
 s - a ring of willpower (right hand)
Wands
 e - a wand of mindburst (20)
 p - a wand of charming (11)
Scrolls
 c - 4 scrolls of butterflies
 i - 3 scrolls of teleportation
Potions
 b - a potion of magic
 d - a potion of curing
 f - 2 potions of heal wounds
 h - 2 potions of lignification
 l - a potion of flight {unknown}
 m - 2 potions of haste
 o - a potion of degeneration {unknown}
 r - a potion of invisibility
 t - a potion of brilliance


   Skills:
 * Level 4.1 Fighting
 + Level 3.4 Dodging
 + Level 3.7 Stealth
 + Level 3.5 Spellcasting
 + Level 5.2 Conjurations


You had 7 spell levels left.
You knew the following spells:

 Your Spells              Type           Power      Damage    Failure   Level
a - Magic Dart            Conj           100%       1d8       4%          1
b - Searing Ray           Conj           50%        2d6       7%          2
c - Dazzling Flash        Conj/Hex       28%        N/A       36%         3

Your spell library contained the following spells:

 Spells                   Type           Power      Damage    Failure   Level
 Inner Flame              Hex/Fire       3%         N/A       75%         3
 Fulminant Prism          Conj/Hex       7%         3d7       78%         4
 Iskenderun's Mystic Bla  Conj/Tloc      14%        2d5       78%         4
 Cause Fear               Hex            1%         N/A       98%         4
 Discord                  Hex            1%         N/A       100%        8


Dungeon Overview and Level Annotations

Branches:
Dungeon (5/15)             Temple (1/1) D:5

Altars:
Ashenzari
Cheibriados
Dithmenos
Gozag
Kikubaaqudgha
Makhleb
Okawaru
Qazlal
Trog
Uskayaw
Vehumet
Wu Jian
Xom

Shops:
D:4 ![

Annotations:
D:4 3 runed translucent doors, BuzzyBeetle's ghost, amateur DECj; Edmund


Innate Abilities, Weirdness & Mutations

You have a somewhat thin skeletal structure. (Dex +2, Stealth+)
You regenerate health from kills.


Message History

Unknown command.
Press < or > to pray at altars.
You offer a prayer to Gozag.
(D) Dungeon (T) Temple
Where to? (Enter - D:3 @ (x,y), ? - help)
There is a stone staircase leading down here.
You fly downwards.
Level annotation: 3 runed translucent doors, BuzzyBeetle's ghost, amateur DECj; Edmund
There is a stone staircase leading up here.
There is an open door here.
There is an open door here.
There is an open door here.
The kobold shouts!
The kobold brigand shouts!
You hear a shout!
BuzzyBeetle's ghost turns its malevolent gaze towards you.
(D) Dungeon (T) Temple
Where to? (Enter - D:4, ? - help)
There is an open door here.
There is an open door here.
There is a stone staircase leading down here.
You fly downwards.
There is a stone staircase leading up here.
An acid dragon comes into view.
Casting: Searing Ray (safe; 7% risk of failure)
Confirm with . or Enter, or press ? or * to list all spells.
Aiming: Magic Dart (safe; 4% risk of failure)
Press: ? - help, Shift-Dir - straight line, f - acid dragon
Aim: an acid dragon (asleep, 100% to hit)
The magic dart hits the acid dragon.
The acid dragon is lightly wounded.
The acid dragon roars!
An ogre comes into view. It is wielding a +0 giant club.
s - a ring of willpower (right hand)
The acid dragon spits acid at you. The splash of acid hits you!!
Ouch! That really hurt!
The acid dragon spits acid at you. The splash of acid hits you!!
Ouch! That really hurt!
You die...
Your body crumbles into a pile of gold.

.. #....^...§.......≈.
#D##....≈≈≈§§≈≈.....§.
...##..#......≈§≈≈≈≈....≈≈
#..........8§§§._§≈......
#.......§§≈≈§≈......
#.##.....§§§§§≈≈.......
#...........§§.........
#####..........>.......
#.@................
.##..................
#.....................
###...................
##.................#
##......<.........#
##...............#
##########.....## #.....#


You could see an acid dragon (catching breath).

Vanquished Creatures
  A black bear (D:5)
  A phantom (D:5)
  3 scorpions
  A howler monkey (D:3)
  A jelly (D:4)
  3 hounds (D:4)
  An orc priest (D:4)
  An orc wizard (D:4)
  An adder (D:5)
  A shadow imp (D:5)
  2 white imps
  An ufetubus (D:4)
  3 worms
  2 dart slugs (D:1)
  11 orcs
  7 ball pythons
  3 bats (D:1)
  8 endoplasms
  4 giant cockroaches
  5 goblins
  3 hobgoblins
  4 kobolds
  5 frilled lizards
  3 rats
75 creatures vanquished.

Vanquished Creatures (others)
  3 fungi (D:4)
  2 plants
5 creatures vanquished.

Grand Total: 80 creatures vanquished

Notes
Turn   | Place    | Note
-------+----------+-------------------------------------------
     0 | D:1      | croobank the Demonspawn Conjurer began the quest for the
                  | Orb.
     0 | D:1      | Reached XP level 1. HP: 13/13 MP: 3/3
   413 | D:1      | Gained mutation: You regenerate a little health from kills.
                  | [demonic ancestry]
   413 | D:1      | Reached XP level 2. HP: 19/19 MP: 3/5
   416 | D:1      | Learned a level 2 spell: Searing Ray
  1065 | D:1      | Gained mutation: You regenerate health from kills. [demonic
                  | ancestry]
  1065 | D:1      | Reached XP level 3. HP: 23/24 MP: 1/6
  1069 | D:1      | Learned a level 3 spell: Dazzling Flash
  1446 | D:2      | Identified the +8 whip "Nixt" {speed, rN++ rCorr Stlth-}
  1526 | D:2      | Found an ornate altar of the Wu Jian Council.
  1678 | D:2      | Found a faded altar of an unknown god.
  2654 | D:3      | Reached skill level 1 in Fighting
  2654 | D:3      | Reached XP level 4. HP: 30/32 MP: 1/7
  3254 | D:3      | Found an opulent altar of Gozag.
  3259 | D:3      | Became a worshipper of Gozag Ym Sagoz the Greedy
  3444 | D:4      | Found a shimmering altar of Xom.
  3649 | D:4      | Identified the +4 dagger of Theory {vorpal, rF+ rN+ rCorr
                  | Dex+4}
  3654 | D:4      | Found Pyrin's Antique Armour Shop.
  3785 | D:4      | Reached XP level 5. HP: 16/38 MP: 1/9
  4145 | D:4      | Noticed Edmund
  4635 | D:4      | Found a runed translucent gate.
  4635 | D:4      | Found a runed translucent gate.
  4635 | D:4      | Found a runed translucent gate.
  4636 | D:4      | Noticed BuzzyBeetle's ghost (amateur DECj)
  4823 | D:4      | Found Qahecoat's Distillery.
  4840 | D:4      | Gained mutation: You have a somewhat thin skeletal
                  | structure. (Dex +2, Stealth+) [demonic ancestry]
  4840 | D:4      | Reached XP level 6. HP: 46/46 MP: 6/10
  4885 | D:4      | Bought a potion of heal wounds for 55 gold pieces
  4885 | D:4      | Bought a potion of invisibility for 88 gold pieces
  5369 | D:5      | Entered Level 5 of the Dungeon
  5628 | D:5      | Found a snail-covered altar of Cheibriados.
  5644 | D:5      | Found a stormy altar of Qazlal.
  5647 | D:5      | Found a hide-covered altar of Uskayaw.
  5682 | D:5      | Reached skill level 5 in Conjurations
  5919 | D:5      | Reached XP level 7. HP: 53/53 MP: 3/12
  6195 | D:5      | Found a staircase to the Ecumenical Temple.
  6212 | Temple   | Entered the Ecumenical Temple
  6869 | D:5      | Killed from afar by an acid dragon

Illustrated notes

Levels and vault maps discovered:
D:1:      saegor_arrival_simple_c, layout_loops_ring
D:2:      layout_basic, shapermc_ecumenical_altar_mp_urbaneastern, basic_altar
D:3:      layout_loops_cross, marbit_many_paths, hangedman_decor_points,
          minivault_11
D:4:      cheibrodos_quashed, layout_basic, mainiacjoe_overflow_six_doors_small,
          serial_shops, nicolae_take_the_stairs, gammafunk_ghost_nasty_kobolds,
          minmay_hedge_maze, grunt_ministairs_14, hangedman_decor_push,
          nicolae_wooded_promenade, uniq_edmund
D:5:      layout_rooms, nicolae_ru_path_of_blood, mainiacjoe_overflow_catwalk,
          mainiacjoe_overflow_catwalk_spiral, minmay_temple_entry_mist,
          gup_sewer_entry_glass, grunt_decor_junction
Temple:   jpeg_temple_island

Skill      XL: |  1  2  3  4  5  6  7 |
---------------+----------------------+-----
Stealth        | 2 3 |  3.7
Dodging        | 2 3 |  3.4
Fighting       | 1 2 3 4 |  4.1
Spellcasting   | 3 |  3.5
Conjurations   | 5 |  5.2

Action                   |  1- 3 |  4- 6 |  7- 9 || total
-------------------------+-------+-------+-------++-------
Melee: Unarmed           |     3 |       |       ||     3
       Mace              |    27 |    19 |       ||    46
       Punch             |     1 |     1 |       ||     2
 Cast: Magic Dart        |    45 |    62 |     2 ||   109
       Searing Ray       |     6 |    28 |     4 ||    38
  Use: Scroll            |       |     9 |       ||     9
       Potion            |       |     8 |       ||     8
 Stab: Sleeping          |     3 |     1 |       ||     4
Armor: Robe              |     1 |       |       ||     1
       Ring mail         |    33 |    32 |     4 ||    69
       Skin              |       |    14 |       ||    14
Dodge: Dodged            |    27 |    36 |     1 ||    64
